1797 views
Uploaded 2023-02-12 03:44:12
Game version 1.35 (6115)
33:57 long 2on2 ladder game on (4)hillsbradcreek s3
Saved by GIGA
1797 views
Uploaded 2023-02-12 03:44:12
Game version 1.35 (6115)
33:57 long 2on2 ladder game on (4)hillsbradcreek s3


116 units @ 15.9k
/ 2.5k
62 buildings @ 8.9k
/ 4k
WarWolf
(33:57) : 


x1)
| Lesser Clarity Potion | 2 | 140 |
| Scroll of Regeneration | 4 | 400 |
| Staff of Sanctuary | 2 | 500 |
| Scroll of Healing | 3 | 750 |
| Scroll of Town Portal | 1 | 350 |
| Tome of Retraining | 1 | 300 |
| Potion of Lesser Invulnerability | 1 | 150 |
| total: | 14 | 2590g |
| Peasant | 16 | 1200 | / | 0 |
| Footman | 11 | 1485 | / | 0 |
| Spell Breaker | 2 | 430 | / | 60 |
| Knight | 4 | 980 | / | 240 |
| Priest | 3 | 405 | / | 30 |
| Mortar Team | 4 | 720 | / | 280 |
| Dragonhawk Rider | 5 | 1000 | / | 150 |
| Gryphon Rider | 1 | 280 | / | 70 |
| Flying Machine | 23 | 2300 | / | 690 |
| Goblin Shredder | 1 | 375 | / | 100 |
| total: | 70 | 9175g | / | 1620w |
| Scout Tower | 6 | 180 | / | 120 |
| Arcane Tower | 2 | 140 | / | 100 |
| Guard Tower | 4 | 280 | / | 200 |
| Altar of Kings | 1 | 180 | / | 50 |
| Farm | 12 | 960 | / | 240 |
| Barracks | 1 | 160 | / | 60 |
| Town Hall | 4 | 1540 | / | 820 |
| Lumber Mill | 2 | 240 | / | 0 |
| Blacksmith | 1 | 140 | / | 60 |
| Arcane Vault | 1 | 130 | / | 30 |
| Arcane Sanctum | 2 | 300 | / | 280 |
| Workshop | 5 | 700 | / | 700 |
| Gryphon Aviary | 2 | 280 | / | 300 |
| Keep | 3 | 960 | / | 630 |
| Castle | 1 | 360 | / | 210 |
| total: | 37 | 4810g | / | 2660w |
| 0:01 | Peasant |
| 0:05 | Altar of Kings |
| 0:15 | Peasant |
| 0:17 | Farm |
| 0:18 | Barracks |
| 0:21 | Peasant |
| 0:36 | Peasant |
| 0:36 | Peasant |
| 0:57 | Farm |
| 1:07 | Peasant |
| 1:17 | Peasant |
| 1:20 | Footman |
| 1:29 | Farm |
| 1:31 | Farm |
| 1:38 | Peasant |
| 1:48 | Footman |
| 1:54 | Peasant |
| 1:54 | Peasant |
| 2:04 | Peasant |
| 2:06 | Summon Water Elemental |
| 2:16 | Footman |
| 2:16 | Footman |
| 2:33 | Peasant |
| 2:54 | Brilliance Aura |
| 3:07 | Town Hall |
| 3:16 | Peasant |
| 3:25 | Footman |
| 3:41 | Lumber Mill |
| 3:51 | Peasant |
| 4:11 | Defend |
| 4:26 | Peasant |
| 4:30 | Peasant |
| 4:50 | Footman |
| 5:18 | Keep |
| 5:24 | Footman |
| 5:26 | Scout Tower |
| 5:34 | Blacksmith |
| 5:38 | Arcane Vault |
| 5:56 | Scout Tower |
| 5:57 | Arcane Tower |
| 6:00 | Footman |
| 6:03 | Scout Tower |
| 6:04 | Improved Lumber Harvesting |
| 6:07 | Farm |
| 6:23 | Footman |
| 6:33 | Guard Tower |
| 6:35 | Farm |
| 6:58 | Summon Water Elemental |
| 7:02 | Footman |
| 7:12 | Arcane Tower |
| 7:37 | Footman |
| 7:38 | Farm |
| 7:43 | Castle |
| 7:45 | Arcane Sanctum |
| 7:59 | Lesser Clarity Potion |
| 7:59 | Scroll of Regeneration |
| 8:17 | Arcane Sanctum |
| 8:39 | Siphon Mana |
| 8:40 | Scroll of Regeneration |
| 8:44 | Tome of Retraining |
| 8:44 | Retrain Hero |
| 8:44 | Scroll of Healing |
| 9:05 | Blizzard |
| 9:05 | Brilliance Aura |
| 9:09 | Spell Breaker |
| 9:11 | Iron Forged Swords |
| 9:13 | Farm |
| 9:21 | Farm |
| 9:57 | Spell Breaker |
| 10:04 | Knight |
| 10:07 | Workshop |
| 10:18 | Lesser Clarity Potion |
| 10:18 | Scroll of Regeneration |
| 10:19 | Staff of Sanctuary |
| 10:26 | Iron Plating |
| 10:31 | Priest Adept Training |
| 10:31 | Priest |
| 10:36 | Knight |
| 10:38 | Farm |
| 11:26 | Holy Light |
| 11:27 | Mortar Team |
| 11:28 | Fragmentation Shards |
| 11:50 | Knight |
| 11:51 | Animal War Training |
| 11:58 | Brilliance Aura |
| 12:03 | Farm |
| 12:05 | Flame Strike |
| 12:11 | Priest Master Training |
| 12:39 | Mortar Team |
| 13:13 | Mortar Team |
| 14:07 | Black Gunpowder |
| 14:22 | Mortar Team |
| 14:26 | Gryphon Aviary |
| 14:28 | Gryphon Aviary |
| 15:04 | Cloud |
| 15:05 | Dragonhawk Rider |
| 15:39 | Dragonhawk Rider |
| 15:41 | Steel Forged Swords |
| 15:45 | Divine Shield |
| 16:11 | Dragonhawk Rider |
| 16:30 | Priest |
| 16:39 | Flame Strike |
| 16:49 | Dragonhawk Rider |
| 17:46 | Dragonhawk Rider |
| 18:20 | Storm Hammers |
| 18:21 | Gryphon Rider |
| 19:07 | Scroll of Town Portal |
| 19:07 | Scroll of Regeneration |
| 19:10 | Staff of Sanctuary |
| 19:16 | Flying Machine |
| 19:18 | Workshop |
| 19:21 | Refined Gunpowder |
| 19:41 | Scroll of Healing |
| 19:41 | Scroll of Healing |
| 19:45 | Potion of Lesser Invulnerability |
| 19:55 | Knight |
| 19:56 | Flying Machine |
| 20:12 | Flying Machine |
| 20:15 | Priest |
| 20:39 | Flying Machine |
| 20:41 | Workshop |
| 20:45 | Imbued Gunpowder |
| 20:50 | Flying Machine |
| 21:41 | Flying Machine |
| 21:48 | Keep |
| 22:03 | Town Hall |
| 22:16 | Town Hall |
| 22:27 | Flying Machine |
| 22:29 | Farm |
| 22:31 | Scout Tower |
| 22:32 | Scout Tower |
| 22:34 | Scout Tower |
| 22:45 | Flying Machine |
| 23:07 | Guard Tower |
| 23:27 | Guard Tower |
| 24:19 | Goblin Shredder |
| 24:22 | Guard Tower |
| 24:29 | Blizzard |
| 24:47 | Flying Machine |
| 25:00 | Lumber Mill |
| 25:15 | Keep |
| 25:32 | Holy Light |
| 25:40 | Flying Machine |
| 26:48 | Town Hall |
| 28:23 | Flak Cannons |
| 29:13 | Flying Machine |
| 29:16 | Workshop |
| 29:33 | Siphon Mana |
| 29:47 | Flying Machine |
| 29:59 | Flying Machine |
| 30:27 | Flying Machine |
| 30:48 | Flying Machine |
| 30:57 | Flying Machine |
| 31:19 | Workshop |
| 31:24 | Flying Machine |
| 31:41 | Flying Machine |
| 31:54 | Flying Machine |
| 32:04 | Flying Machine |
| 32:39 | Flying Machine |
| 32:56 | Flying Machine |
| 33:14 | Flying Machine |
| Right click | 2188 |
| Select group | 2114 |
| Select | 992 |
| Misc. action | 250 |
| Build/train/purchase | 227 |
| Assign group | 121 |
| Use ability | 121 |
| Resource trade | 18 |
| Item give/drop | 12 |
| Chat | 4 |
| Esc | 1 |
| Minimap ping | 1 |



| Rod of Necromancy | 2 | 300 |
| Orb of Corruption | 1 | 375 |
| Potion of Healing | 3 | 450 |
| Potion of Mana | 2 | 400 |
| Scroll of Town Portal | 2 | 700 |
| Potion of Lesser Invulnerability | 1 | 150 |
| total: | 11 | 2375g |
| Acolyte | 13 | 975 | / | 0 |
| Ghoul | 12 | 1440 | / | 0 |
| Crypt Fiend | 7 | 1505 | / | 280 |
| Obsidian Statue | 2 | 400 | / | 70 |
| Abomination | 2 | 480 | / | 140 |
| Meat Wagon | 4 | 920 | / | 200 |
| Gargoyle | 6 | 1050 | / | 180 |
| total: | 46 | 6770g | / | 870w |
| Nerubian Tower | 4 | 400 | / | 80 |
| Spirit Tower | 3 | 435 | / | 120 |
| Crypt | 2 | 400 | / | 100 |
| Altar of Darkness | 1 | 180 | / | 50 |
| Ziggurat | 14 | 2100 | / | 700 |
| Tomb of Relics | 1 | 130 | / | 30 |
| Graveyard | 1 | 215 | / | 0 |
| Necropolis | 3 | 675 | / | 0 |
| Slaughterhouse | 2 | 280 | / | 270 |
| Sacrificial Pit | 1 | 75 | / | 150 |
| Halls of the Dead | 2 | 640 | / | 420 |
| Black Citadel | 2 | 650 | / | 460 |
| total: | 25 | 4055g | / | 1300w |
| 0:03 | Acolyte |
| 0:05 | Crypt |
| 0:06 | Altar of Darkness |
| 0:24 | Ziggurat |
| 0:30 | Acolyte |
| 0:30 | Acolyte |
| 0:46 | Tomb of Relics |
| 1:10 | Ghoul |
| 1:21 | Ghoul |
| 1:26 | Ziggurat |
| 1:36 | Ghoul |
| 1:37 | Ghoul |
| 1:50 | Ghoul |
| 2:10 | Rod of Necromancy |
| 2:14 | Death Coil |
| 2:31 | Ghoul |
| 2:54 | Halls of the Dead |
| 2:58 | Ghoul |
| 3:30 | Graveyard |
| 3:32 | Ghoul |
| 3:35 | Unholy Aura |
| 4:28 | Ghoul |
| 4:29 | Ziggurat |
| 5:05 | Crypt Fiend |
| 5:07 | Ghoul |
| 5:17 | Slaughterhouse |
| 5:30 | Rod of Necromancy |
| 5:36 | Ghoul |
| 5:36 | Ghoul |
| 5:56 | Black Citadel |
| 6:51 | Obsidian Statue |
| 7:03 | Crypt Fiend |
| 7:14 | Frost Nova |
| 7:27 | Obsidian Statue |
| 7:29 | Crypt Fiend |
| 7:34 | Ziggurat |
| 8:10 | Crypt Fiend |
| 8:31 | Dark Ritual |
| 8:35 | Death Coil |
| 9:00 | Crypt Fiend |
| 9:02 | Backpack |
| 9:10 | Potion of Lesser Invulnerability |
| 9:28 | Silence |
| 9:55 | Orb of Corruption |
| 10:38 | Abomination |
| 11:33 | Frost Nova |
| 11:41 | Disease Cloud |
| 11:42 | Abomination |
| 11:45 | Ziggurat |
| 12:03 | Cannibalize |
| 12:08 | Meat Wagon |
| 12:09 | Destroyer Form |
| 12:35 | Ziggurat |
| 12:38 | Sacrificial Pit |
| 12:39 | Acolyte |
| 12:57 | Necropolis |
| 13:03 | Black Arrow |
| 13:48 | Meat Wagon |
| 13:50 | Slaughterhouse |
| 13:54 | Unholy Aura |
| 14:12 | Acolyte |
| 14:12 | Acolyte |
| 14:12 | Acolyte |
| 14:13 | Acolyte |
| 15:16 | Acolyte |
| 15:16 | Acolyte |
| 15:16 | Acolyte |
| 15:36 | Meat Wagon |
| 15:38 | Ziggurat |
| 15:56 | Acolyte |
| 17:23 | Creature Attack |
| 18:57 | Web |
| 19:08 | Improved Creature Attack |
| 19:15 | Necropolis |
| 19:49 | Frost Armor |
| 19:59 | Acolyte |
| 20:58 | Black Arrow |
| 22:37 | Crypt Fiend |
| 22:39 | Crypt Fiend |
| 22:46 | Nerubian Tower |
| 22:47 | Spirit Tower |
| 22:49 | Creature Carapace |
| 22:54 | Crypt |
| 22:59 | Scroll of Town Portal |
| 23:07 | Potion of Healing |
| 23:08 | Potion of Mana |
| 23:09 | Potion of Healing |
| 23:10 | Potion of Mana |
| 23:29 | Nerubian Tower |
| 23:33 | Ziggurat |
| 23:35 | Ziggurat |
| 23:36 | Ziggurat |
| 23:37 | Ziggurat |
| 23:43 | Gargoyle |
| 24:30 | Ziggurat |
| 24:30 | Ziggurat |
| 24:31 | Ziggurat |
| 24:33 | Gargoyle |
| 24:43 | Nerubian Tower |
| 24:59 | Gargoyle |
| 26:17 | Death Coil |
| 26:32 | Spirit Tower |
| 26:39 | Gargoyle |
| 26:52 | Nerubian Tower |
| 26:53 | Spirit Tower |
| 26:58 | Silence |
| 27:15 | Scroll of Town Portal |
| 27:16 | Potion of Healing |
| 27:24 | Gargoyle |
| 27:48 | Necropolis |
| 28:12 | Gargoyle |
| 28:21 | Meat Wagon |
| 28:34 | Advanced Creature Attack |
| 33:48 | Frost Nova |
| Right click | 1872 |
| Select group | 1255 |
| Select | 604 |
| Misc. action | 194 |
| Build/train/purchase | 141 |
| Use ability | 78 |
| Assign group | 36 |
| Remove unit | 6 |
| Resource trade | 6 |
| Item give/drop | 4 |
| Minimap ping | 1 |
80 units @ 7.3k
/ 1.1k
113 buildings @ 7.2k
/ 3.4k
GIGA
(207)
(33:56) : 

| Peasant | 15 | 1125 | / | 0 |
| Footman | 4 | 540 | / | 0 |
| total: | 19 | 1665g | / | 0w |
| Scout Tower | 48 | 1440 | / | 960 |
| Arcane Tower | 7 | 490 | / | 350 |
| Guard Tower | 14 | 980 | / | 700 |
| Altar of Kings | 2 | 360 | / | 100 |
| Farm | 4 | 320 | / | 80 |
| Barracks | 1 | 160 | / | 60 |
| Lumber Mill | 3 | 360 | / | 0 |
| Keep | 1 | 320 | / | 210 |
| total: | 58 | 2640g | / | 1200w |
| 0:04 | Peasant |
| 0:04 | Peasant |
| 0:10 | Altar of Kings |
| 0:13 | Farm |
| 0:14 | Farm |
| 0:31 | Peasant |
| 0:40 | Barracks |
| 0:45 | Peasant |
| 1:07 | Lumber Mill |
| 1:17 | Peasant |
| 1:19 | Peasant |
| 1:43 | Footman |
| 1:44 | Footman |
| 1:49 | Scout Tower |
| 1:54 | Farm |
| 2:07 | Footman |
| 2:15 | Storm Bolt |
| 2:33 | Footman |
| 2:35 | Peasant |
| 2:35 | Peasant |
| 2:40 | Arcane Tower |
| 3:11 | Arcane Tower |
| 3:13 | Scout Tower |
| 3:14 | Peasant |
| 3:14 | Peasant |
| 3:41 | Scout Tower |
| 3:42 | Scout Tower |
| 3:43 | Scout Tower |
| 3:43 | Scout Tower |
| 3:44 | Scout Tower |
| 3:45 | Scout Tower |
| 3:45 | Scout Tower |
| 3:46 | Scout Tower |
| 3:47 | Scout Tower |
| 3:53 | Arcane Tower |
| 3:56 | Peasant |
| 4:01 | Bash |
| 5:28 | Guard Tower |
| 5:31 | Keep |
| 5:35 | Scout Tower |
| 5:38 | Scout Tower |
| 6:18 | Guard Tower |
| 7:09 | Scout Tower |
| 7:11 | Improved Masonry |
| 7:20 | Storm Bolt |
| 7:48 | Guard Tower |
| 7:51 | Scout Tower |
| 7:52 | Scout Tower |
| 7:52 | Scout Tower |
| 7:53 | Scout Tower |
| 7:53 | Scout Tower |
| 7:54 | Scout Tower |
| 7:55 | Scout Tower |
| 7:56 | Scout Tower |
| 8:00 | Peasant |
| 8:00 | Peasant |
| 8:42 | Advanced Masonry |
| 8:57 | Guard Tower |
| 9:00 | Peasant |
| 9:00 | Peasant |
| 9:21 | Farm |
| 9:23 | Guard Tower |
| 10:05 | Guard Tower |
| 11:06 | Arcane Tower |
| 11:12 | Scout Tower |
| 11:13 | Scout Tower |
| 11:52 | Arcane Tower |
| 11:53 | Guard Tower |
| 11:56 | Scout Tower |
| 11:56 | Scout Tower |
| 12:05 | Scout Tower |
| 12:13 | Scout Tower |
| 12:13 | Scout Tower |
| 12:16 | Scout Tower |
| 12:18 | Scout Tower |
| 12:19 | Scout Tower |
| 12:32 | Improved Lumber Harvesting |
| 12:43 | Arcane Tower |
| 13:50 | Guard Tower |
| 13:55 | Lumber Mill |
| 13:58 | Lumber Mill |
| 14:10 | Holy Light |
| 15:28 | Scout Tower |
| 15:30 | Scout Tower |
| 15:35 | Scout Tower |
| 16:05 | Guard Tower |
| 16:24 | Scout Tower |
| 16:31 | Guard Tower |
| 16:59 | Guard Tower |
| 17:06 | Scout Tower |
| 17:11 | Scout Tower |
| 17:49 | Arcane Tower |
| 19:06 | Scout Tower |
| 19:07 | Scout Tower |
| 19:08 | Scout Tower |
| 19:10 | Scout Tower |
| 19:10 | Scout Tower |
| 19:12 | Scout Tower |
| 19:43 | Guard Tower |
| 19:47 | Guard Tower |
| 20:05 | Scout Tower |
| 20:07 | Scout Tower |
| 20:10 | Scout Tower |
| 20:27 | Scout Tower |
| 20:58 | Guard Tower |
| 26:08 | Altar of Kings |
| Right click | 2808 |
| Select group | 1653 |
| Select | 403 |
| Misc. action | 62 |
| Build/train/purchase | 61 |
| Resource trade | 27 |
| Assign group | 19 |
| Use ability | 16 |
| Minimap ping | 10 |
| Chat | 4 |
| Esc | 1 |


| Scroll of Regeneration | 2 | 200 |
| total: | 2 | 200g |
| Peasant | 31 | 2325 | / | 0 |
| Mortar Team | 4 | 720 | / | 280 |
| Flying Machine | 26 | 2600 | / | 780 |
| total: | 61 | 5645g | / | 1060w |
| Scout Tower | 22 | 660 | / | 440 |
| Arcane Tower | 2 | 140 | / | 100 |
| Guard Tower | 9 | 630 | / | 450 |
| Altar of Kings | 2 | 360 | / | 100 |
| Farm | 21 | 1680 | / | 420 |
| Lumber Mill | 1 | 120 | / | 0 |
| Town Hall | 2 | 770 | / | 410 |
| Blacksmith | 1 | 140 | / | 60 |
| Arcane Vault | 1 | 130 | / | 30 |
| Workshop | 5 | 700 | / | 700 |
| Keep | 1 | 320 | / | 210 |
| Castle | 1 | 360 | / | 210 |
| total: | 55 | 4560g | / | 2160w |
| 0:03 | Peasant |
| 0:06 | Peasant |
| 0:13 | Peasant |
| 0:19 | Altar of Kings |
| 0:21 | Peasant |
| 0:34 | Farm |
| 0:50 | Lumber Mill |
| 0:51 | Peasant |
| 1:04 | Farm |
| 1:06 | Peasant |
| 1:08 | Scout Tower |
| 1:26 | Peasant |
| 1:47 | Arcane Tower |
| 1:49 | Peasant |
| 1:54 | Peasant |
| 2:01 | Farm |
| 2:04 | Peasant |
| 2:16 | Peasant |
| 2:18 | Improved Lumber Harvesting |
| 2:41 | Storm Bolt |
| 2:49 | Peasant |
| 2:54 | Peasant |
| 2:56 | Scout Tower |
| 2:57 | Scout Tower |
| 3:32 | Peasant |
| 3:32 | Peasant |
| 3:33 | Improved Masonry |
| 3:35 | Guard Tower |
| 3:40 | Scout Tower |
| 3:44 | Town Hall |
| 3:52 | Town Hall |
| 4:08 | Arcane Tower |
| 4:17 | Guard Tower |
| 5:17 | Bash |
| 5:24 | Peasant |
| 5:24 | Peasant |
| 5:34 | Scout Tower |
| 5:49 | Keep |
| 6:02 | Peasant |
| 6:03 | Peasant |
| 6:03 | Peasant |
| 6:08 | Guard Tower |
| 6:09 | Scout Tower |
| 7:31 | Scout Tower |
| 7:36 | Peasant |
| 7:36 | Peasant |
| 7:40 | Guard Tower |
| 7:43 | Blacksmith |
| 7:46 | Guard Tower |
| 7:48 | Peasant |
| 8:00 | Scout Tower |
| 8:02 | Peasant |
| 8:13 | Peasant |
| 8:23 | Farm |
| 8:26 | Peasant |
| 8:37 | Peasant |
| 8:38 | Peasant |
| 8:43 | Guard Tower |
| 9:14 | Holy Light |
| 9:21 | Storm Bolt |
| 9:59 | Castle |
| 10:00 | Workshop |
| 10:01 | Workshop |
| 10:02 | Black Gunpowder |
| 10:08 | Advanced Lumber Harvesting |
| 11:18 | Altar of Kings |
| 11:20 | Flak Cannons |
| 11:20 | Flare |
| 11:49 | Advanced Masonry |
| 11:54 | Workshop |
| 11:56 | Refined Gunpowder |
| 12:00 | Workshop |
| 12:01 | Workshop |
| 12:27 | Farm |
| 12:28 | Farm |
| 12:28 | Farm |
| 12:31 | Farm |
| 12:35 | Farm |
| 12:37 | Farm |
| 12:38 | Farm |
| 13:05 | Farm |
| 13:18 | Mortar Team |
| 13:21 | Farm |
| 13:22 | Farm |
| 13:22 | Farm |
| 14:15 | Fragmentation Shards |
| 14:19 | Peasant |
| 14:19 | Peasant |
| 14:19 | Peasant |
| 14:24 | Farm |
| 14:27 | Farm |
| 14:34 | Mortar Team |
| 15:25 | Imbued Gunpowder |
| 15:30 | Mortar Team |
| 16:05 | Flying Machine |
| 16:05 | Flying Machine |
| 16:06 | Flying Machine Bombs |
| 16:06 | Flying Machine |
| 16:06 | Flying Machine |
| 16:06 | Flying Machine |
| 16:07 | Flying Machine |
| 16:07 | Flying Machine |
| 16:07 | Flying Machine |
| 16:07 | Flying Machine |
| 16:50 | Flying Machine |
| 16:50 | Flying Machine |
| 17:03 | Farm |
| 17:04 | Farm |
| 17:05 | Farm |
| 17:06 | Farm |
| 17:48 | Flying Machine |
| 17:48 | Flying Machine |
| 17:49 | Flying Machine |
| 18:50 | Mortar Team |
| 19:28 | Flying Machine |
| 19:28 | Flying Machine |
| 19:28 | Flying Machine |
| 19:28 | Flying Machine |
| 19:28 | Flying Machine |
| 19:28 | Flying Machine |
| 19:59 | Flying Machine |
| 19:59 | Flying Machine |
| 20:12 | Imbued Masonry |
| 20:19 | Scout Tower |
| 20:20 | Scout Tower |
| 20:21 | Scout Tower |
| 20:21 | Scout Tower |
| 21:55 | Divine Shield |
| 21:58 | Divine Shield |
| 22:22 | Arcane Vault |
| 22:46 | Scout Tower |
| 22:46 | Scout Tower |
| 22:51 | Scout Tower |
| 22:52 | Scout Tower |
| 23:05 | Scroll of Regeneration |
| 23:18 | Scout Tower |
| 23:19 | Scout Tower |
| 23:33 | Guard Tower |
| 23:37 | Scout Tower |
| 23:37 | Scout Tower |
| 24:08 | Guard Tower |
| 24:19 | Guard Tower |
| 24:20 | Scout Tower |
| 24:20 | Scout Tower |
| 24:22 | Scroll of Regeneration |
| 24:32 | Flying Machine |
| 24:33 | Flying Machine |
| 24:33 | Flying Machine |
| 24:37 | Flying Machine |
| 24:59 | Bash |
| 27:55 | Bash |
| 32:57 | Holy Light |
| Right click | 1915 |
| Select group | 762 |
| Select | 447 |
| Build/train/purchase | 129 |
| Use ability | 81 |
| Misc. action | 53 |
| Assign group | 17 |
| Resource trade | 8 |
| Esc | 6 |
| Minimap ping | 5 |